 Dungeon Crawl Stone Soup version 0.21.1-1-g345015fe64 (webtiles) character file.

184 RepoMan the Covert (level 5, 0/45 HPs)
             Began as a Naga Assassin on May 28, 2018.
             Slain by Barbies's ghost (11 damage)
             ... on level 3 of the Dungeon.
             The game lasted 00:14:08 (2666 turns).

RepoMan the Covert (Naga Assassin)                  Turns: 2666, Time: 00:14:09

Health: 0/45       AC:  3    Str: 14    XL:     5   Next: 63%
Magic:  5/5        EV:  9    Int: 11    God:
Gold:   144        SH:  0    Dex: 13    Spells: 4/4 levels left

rFire    . . .     SeeInvis +   b - +0 blowgun
rCold    . . .     Gourm    .   (no shield)
rNeg     . . .     Faith    .   c - +0 robe
rPois    +         Spirit   .   (no helmet)
rElec    .         Reflect  .   d - +0 cloak
rCorr    .         Harm     .   (no gloves)
MR       .....                  (no barding)
Stlth    ++++......             (no amulet)
HPRegen  0.15/turn              s - ring of wizardry
MPRegen  0.09/turn              (no ring)

@: hasted, quick
A: large, see invisible, deformed body, poison resistance, slowness 2, slow
metabolism 1, spit poison 1, AC +1
a: Spit Poison


You were on level 3 of the Dungeon.
You were not hungry.

You visited 1 branch of the dungeon, and saw 3 of its levels.

You collected 144 gold pieces.

Inventory:

Hand Weapons
 a - a +3 dagger
 b - a +0 blowgun (weapon)
 o - a +2 hunting sling of freezing
Missiles
 e - a poisoned needle (quivered)
Armour
 c - a +0 robe (worn)
 d - a +0 cloak (worn)
Jewellery
 s - a ring of wizardry (left hand)
Scrolls
 h - a scroll of identify
Potions
 i - a potion of degeneration
 j - a potion of berserk rage {unknown}
 k - a potion of haste
 l - a potion of flight {unknown}
 p - a potion of lignification {unknown}
 t - a potion of experience {unknown}
 v - 2 potions of invisibility {unknown}
 w - a potion of ambrosia {unknown}
Comestibles
 g - 4 rations
 m - 4 chunks of flesh


   Skills:
 - Level 2.0 Fighting
 + Level 4.2 Short Blades
 - Level 1.7 Throwing
 - Level 0.7 Dodging
 + Level 8.3 Stealth


You had 4 spell levels left.
You didn't know any spells.

Dungeon Overview and Level Annotations

Branches:
Dungeon (3/15)

Altars:

Annotations:
D:3 Barbies's ghost, weakling TrEE


Innate Abilities, Weirdness & Mutations

You cannot wear boots.
Your serpentine skin is tough. (AC +1)
You have supernaturally acute eyesight. (SInv)
Armour fits poorly on your strangely shaped body.
Your system is resistant to poisons. (rPois)
You cover ground very slowly.
You have a slow metabolism.
You can spit poison.


Message History

It is a scroll of enchant weapon.
Your +2 dagger glows red for a moment.
Wield which item (- for none, * to show all)? (? for menu, Esc to quit)
Okay, then.
Unknown command.
As you read the scroll labeled JACRET IVIHO, it crumbles to dust.
You assume a fearsome visage.
Barbies's ghost is unaffected.
It was a scroll of fear.
Barbies's ghost hits you.
As you read the scroll labeled JATTYO OLUAC, it crumbles to dust.
You feel blessed for a moment.
It was a scroll of remove curse.
Barbies's ghost shouts, "You must not succeed where I failed!"
Barbies's ghost barely misses you.
As you read the scroll labeled KEURGH JATOH, it crumbles to dust.
It is a scroll of amnesia.
You feel forgetful for a moment.
Barbies's ghost gestures at you while chanting.
The blast of sand hits you!
* * * LOW HITPOINT WARNING * * *
It was a potion of haste.
You feel yourself speed up. Barbies's ghost hits you!
You die...

##.......g.....##
##...####
#...............#
#.....[.#
#....(......g...# #.##
#.#+####)####'#.###.####
#...).#..#.##..)..##
#.....#..#.........##
####.....####..........#
#..#(...W#..#.....######
#..'.....@..#..<..#
####'###'####.....#
#..#..#........#
#.รท'..#........#
#######........#
#.....##..# ###########


You could see Barbies's ghost.

Vanquished Creatures
  A bullfrog (D:2)
  4 adders (D:3)
  3 gnolls
  4 worms
  A dart slug (D:1)
  2 leopard geckos (D:2)
  2 orcs (D:3)
  A ball python (D:3)
  A goblin (D:1)
  8 hobgoblins
  A jackal (D:1)
  3 bats
  4 frilled lizards
  6 kobolds
  3 rats (D:2)
44 creatures vanquished.

Notes
Turn   | Place    | Note
-------+----------+-------------------------------------------
     0 | D:1      | RepoMan the Naga Assassin began the quest for the Orb.
     0 | D:1      | Reached XP level 1. HP: 19/19 MP: 1/1
   121 | D:1      | Reached skill level 6 in Stealth
   277 | D:1      | Reached XP level 2. HP: 12/26 MP: 2/2
  1082 | D:2      | Reached XP level 3. HP: 18/32 MP: 3/3
  1454 | D:2      | Noticed a bullfrog
  1481 | D:2      | Killed a bullfrog
  1481 | D:2      | Reached skill level 7 in Stealth
  1481 | D:2      | Reached XP level 4. HP: 29/39 MP: 4/4
  2002 | D:3      | Reached XP level 5. HP: 27/45 MP: 5/5
  2054 | D:3      | Noticed Barbies's ghost (weakling TrEE)
  2376 | D:3      | Reached skill level 8 in Stealth
  2666 | D:3      | Slain by Barbies's ghost

Skill      XL: |  1  2  3  4  5 |
---------------+----------------+-----
Stealth        | 6 7 8 |  8.3
Short Blades   | 3 4 |  4.2
Fighting       | |  2.0
Throwing       | |  1.7
Dodging        | |  0.7

Action                   |  1- 3 |  4- 6 || total
-------------------------+-------+-------++-------
Melee: Dagger            |    69 |    74 ||   143
 Fire: Blowgun           |     2 |     9 ||    11
 Abil: Spit Poison       |    13 |    14 ||    27
  Use: Scroll            |       |     5 ||     5
       Potion            |       |     1 ||     1
 Stab: Sleeping          |     7 |     5 ||    12
  Eat: Chunk             |     2 |       ||     2
       Ration            |       |     1 ||     1
Armor: Robe              |    15 |    22 ||    37
Dodge: Dodged            |    28 |    39 ||    67
